 Dungeon Crawl Stone Soup version 0.30-a0-719-gcc4359ea44 (webtiles) character file.

Game seed: 17552818467639547039

89 sircluck the Trooper (level 4, 0/37 HPs)
             Began as a Human Berserker on Jan 26, 2023.
             Was a Follower of Trog.
             Slain by a gnoll
             ... wielding a +0 spear
             ... led by a gnoll bouda
              (3 damage)
             ... on level 3 of the Dungeon on Jan 27, 2023.
             The game lasted 00:14:08 (2755 turns).

sircluck the Trooper (Human Berserker)              Turns: 2755, Time: 00:14:09

Health: 0/37       AC: 11    Str: 19    XL:     4   Next: 84%
Magic:  0/4        EV:  6    Int:  8    God:    Trog [*.....]
Gold:   135        SH:  0    Dex: 12    Spells: 3/3 levels left

rFire   . . .      SeeInvis .    a - +0 falchion
rCold   . . .      Faith    .    (no shield)
rNeg    . . .      Spirit   +    h - +0 plate armour
rPois   .          Reflect  .    (no helmet)
rElec   .          Harm     .    (no cloak)
rCorr   .          Rampage  .    (no gloves)
Will    .....                    (no boots) Stlth
                                 j - amulet of guardian spirit
HPRegen 0.26/turn                (no ring)
MPRegen 0.09/turn                (no ring)

@: hasted, very quick
A: no striking features
a: Renounce Religion, Berserk


You were on level 3 of the Dungeon.
You worshipped Trog.
Trog was aware of your devotion.
You visited 1 branch of the dungeon, and saw 3 of its levels.

You collected 135 gold pieces.

Inventory:

Hand Weapons
 a - a +0 falchion (weapon)
 d - a +0 whip
 v - a +2 heavy sling
 z - a +0 hand axe
Missiles
 e - 35 stones (quivered)
 i - 13 poisoned darts
 y - 2 boomerangs
Armour
 b - a +0 animal skin
 h - a +0 plate armour (worn)
 o - a +2 ring mail of poison resistance
 u - a +0 pair of gloves
Jewellery
 j - an amulet of guardian spirit (around neck)
 m - an amulet of faith
Scrolls
 c - 3 scrolls of identify {unknown}
 g - a scroll of enchant armour {unknown}
 l - 2 scrolls of teleportation
 p - a scroll of enchant weapon {unknown}
 A - a scroll of fog {unknown}
Potions
 f - a potion of lignification {unknown}
 k - a potion of haste
 n - a potion of flight {unknown}
 q - a potion of mutation {unknown}
 r - 2 potions of brilliance {unknown}
 s - a potion of degeneration {unknown}
 t - 2 potions of might {unknown}
 w - a potion of cancellation {unknown}
 x - a potion of heal wounds {unknown}


   Skills:
 + Level 4.0 Fighting
 + Level 3.5 Long Blades
 + Level 2.8 Armour
 + Level 2.4 Dodging


You had 3 spell levels left.
You didn't know any spells.
Your spell library contained the following spells:

 Spells                   Type           Power      Damage    Failure   Level
 Necrotise                Necr           0%         1d4       100%        1
 Vampiric Draining        Necr           0%         2d6       100%        3
 Agony                    Necr           0%         N/A       100%        5


Dungeon Overview and Level Annotations

Branches:
Dungeon (3/15)

Altars:

Annotations:
D:3 Robin


Message History

The gnoll hits you but does no damage. x2
A gnoll comes into view. It is wielding a +0 flail.
The gnoll bouda calls upon its god to heal the gnoll.
The gnoll is healed somewhat.
The hobgoblin barely misses you. The hobgoblin hits you.
The goblin shouts!
You hit the hobgoblin.
The hobgoblin is heavily wounded.
The gnoll hits you but does no damage. The gnoll closely misses you.
The hobgoblin barely misses you.
A hobgoblin comes into view.
The hobgoblin hits you but does no damage.
You closely miss the hobgoblin.
The hobgoblin is heavily wounded.
Robin roars a battlecry!
The goblins go into a battle-frenzy!
The gnoll hits you but does no damage. x2; The hobgoblin barely misses you.
The hobgoblin completely misses you.
You hear a shout!
As you read the scroll of teleportation, it crumbles to dust.
You feel strangely stable. The gnoll closely misses you.
The gnoll hits you with a +0 spear.
* * * LOW HITPOINT WARNING * * *
The gnoll bouda calls upon its god to heal the gnoll.
The gnoll's wounds heal themselves!
The hobgoblin hits you but does no damage.
The hobgoblin barely misses you.
You hear a shout!
You barely miss the hobgoblin.
The hobgoblin is heavily wounded.
The gnoll hits you with a +0 whip.
* * * LOW HITPOINT WARNING * * *
The gnoll hits you but does no damage.
The hobgoblin hits you but does no damage. x2
It was a potion of haste.
You feel yourself speed up.
The hobgoblin no longer looks unusually strong. x2
The gnoll hits you with a +0 whip.
* * * LOW HITPOINT WARNING * * *
The gnoll hits you with a +0 spear.
You die...

...#.#
#.#..#..8..#
#####.#.#
#.#.........
........#
#.......####
######>g#
#########
#gg# #gg#
#gg####
#ggg..#
##@##.# #g#
# #g#


.gg ### You could see a gnoll bouda, Robin, 4 gnolls, 4 hobgoblins and 4
goblins.

Vanquished Creatures
  Natasha (D:3)
  An adder (D:2)
  A worm (D:2)
  3 orcs (D:2)
  6 ball pythons
  6 endoplasms
  3 goblins
  5 hobgoblins
  A quokka (D:2)
  5 bats
  2 frilled lizards (D:1)
  8 kobolds
  5 rats
47 creatures vanquished.

Vanquished Creatures (others)
  18 fungi
  9 plants
27 creatures vanquished.

Grand Total: 74 creatures vanquished

Notes
Turn   | Place    | Note
-------+----------+-------------------------------------------
     0 | D:1      | sircluck the Human Berserker began the quest for the Orb.
     0 | D:1      | Reached XP level 1. HP: 18/18 MP: 1/1
   362 | D:1      | Reached XP level 2. HP: 20/24 MP: 2/2
  1300 | D:1      | Reached XP level 3. HP: 25/29 MP: 3/3
  1952 | D:2      | Reached XP level 4. HP: 35/35 MP: 4/4
  2186 | D:2      | Found a faded altar of an unknown god.
  2600 | D:3      | Noticed Natasha
  2604 | D:3      | Killed Natasha
  2605 | D:3      | Reached skill level 4 in Fighting
  2740 | D:3      | Noticed Robin
  2755 | D:3      | Slain by a gnoll

Illustrated notes

Levels and vault maps discovered:
D:1:      minmay_arrival_plants_in_alcoves, layout_loops_corners,
          minmay_shallow_snake_nest
D:2:      layout_rooms, dreamdust_ecumenical_altar_hidden_monk_grotto
D:3:      layout_basic, nemelex_altar_shiori, mrwooster_statue_mirror,
          chequers_serial_rivers_room_b, uniq_robin, uniq_natasha, uniq_ijyb

Skill      XL: |  1  2  3  4 |
---------------+-------------+-----
Fighting       | 4 |  4.0
Long Blades    | |  3.5
Armour         | |  2.8
Dodging        | |  2.4

Action                     |  1- 3 |  4- 6 || total
---------------------------+-------+-------++-------
  Melee: Falchion          |   135 |    90 ||   225
         Punch             |     2 |     2 ||     4
    Use: Scroll            |       |     2 ||     2
         Potion            |       |     1 ||     1
 Armour: Plate armour      |   109 |    88 ||   197
         Animal skin       |     1 |       ||     1
  Dodge: Dodged            |    46 |    54 ||   100

Table legend: (Time is in decaauts)
 A = Elapsed time spent in this place.
 B = Non-inter-level travel time spent in this place.
 C = Inter-level travel time spent in this place.
 D = Time resting spent in this place.
 E = Time spent auto-exploring this place.
 F = Levels seen in this place.
 G = Mean time per level.
                   A        B        C        D        E       F      G
               +--------+--------+--------+--------+--------+-----+--------+
         Total |   2786 |   2404 |    382 |      0 |    733 |   3 |  928.7 |
       Dungeon |   2786 |   2404 |    382 |      0 |    733 |   3 |  928.7 |
               +--------+--------+--------+--------+--------+-----+--------+

Top non-repeatable levels by time:
     D:1: 1682 daAuts
     D:2: 936 daAuts
     D:3: 166 daAuts
